 Dungeon Crawl Stone Soup version 0.27-a0-773-gaaee5cf45b (console) character file.

Game seed: 18428618044588582534

749 MakMorn the Chopper (level 7, -1/50 HPs)
             Began as a Djinni Fighter on Mar 25, 2021.
             Was a Follower of Okawaru.
             Slain by Dowan
             ... wielding a +0 dagger
              (4 damage)
             ... on level 5 of the Dungeon.
             The game lasted 00:11:57 (5643 turns).

MakMorn the Chopper (Djinni Fighter)                Turns: 5643, Time: 00:11:58

Health: -1/50      AC:  8    Str: 15    XL:     7   Next: 78%
Gold:   252        EV: 17    Int: 11    God:    Okawaru [*.....] SH: 13 Dex: 19

rFire    + + .     SeeInvis .   a - +0 war axe
rCold    . . .     Faith    .   i - +2 kite shield {rN+}
rNeg     + . .     Spirit   .   d - +0 ring mail {rC+}
rPois    ∞         Reflect  .   h - +0 helmet
rElec    .         Harm     .   (no cloak)
rCorr    .         Rampage  .   (no gloves)
Will     .....                  (boots unavailable)
Stlth    ++........             o - amulet of the acrobat
HPRegen  0.16/turn              p - +6 ring of dexterity
MPRegen  0.00/turn              E - +4 ring of evasion

@: heroic, flying
A: fire resistance 2, cold vulnerability 1, float, innate caster, hp casting,
extra vitality 1
a: Renounce Religion, Heroism


You were on level 5 of the Dungeon.
You worshipped Okawaru.
Okawaru was aware of your devotion.
You visited 2 branches of the dungeon, and saw 6 of its levels.
You also visited: Ossuary.

You collected 252 gold pieces.

Inventory:

Hand Weapons
 a - a +0 war axe (weapon)
 b - a +1 hand axe of venom
 m - a +0 spear
Missiles
 f - 101 stones (quivered)
 q - 3 curare-tipped darts
 s - 4 poisoned darts
Armour
 d - a +0 ring mail of cold resistance (worn)
 h - a +0 helmet (worn)
 i - a +2 kite shield of positive energy (worn)
Jewellery
 o - an amulet of the acrobat (around neck)
 p - a +6 ring of dexterity (right hand)
 E - a +4 ring of evasion (left hand)
Scrolls
 c - a scroll of torment {unknown}
 e - 2 scrolls of noise {unknown}
 g - 3 scrolls of teleportation {unknown}
 k - 5 scrolls of identify {unknown}
 t - 2 scrolls of fog {unknown}
 w - a scroll of vulnerability {unknown}
 x - a scroll of fear {unknown}
 y - a scroll of amnesia {unknown}
Potions
 j - a potion of might
 l - 3 potions of brilliance {unknown}
 n - a potion of haste {unknown}
 r - 2 potions of degeneration {unknown}
 u - 2 potions of heal wounds {unknown}
 v - a potion of flight {unknown}
 z - a potion of curing


   Skills:
 + Level 3.6(8.6) Fighting
 * Level 5.4(10.4) Axes
 + Level 4.1(9.1) Armour
 + Level 1.5(6.5) Dodging
 + Level 3.7(8.7) Shields
 * Level 1.0 Spellcasting
 * Level 1.9 Invocations


You had 2 spell levels left.
You knew the following spells:

 Your Spells              Type           Power      Damage    Failure   Level
a - Summon Small Mammal   Summ           8%         N/A       63%         1
b - Slow                  Hex            2%         N/A       77%         2
c - Teleport Other        Tloc           2%         N/A       94%         3
Your spell library was empty.

Dungeon Overview and Level Annotations

Branches:
Dungeon (5/15)             Temple (1/1) D:4         Ossuary (visited)

Altars:
Cheibriados
Dithmenos
Elyvilon
Hepliaklqana
Kikubaaqudgha
Makhleb
Nemelex Xobeh
Okawaru
Qazlal
Ru
Sif Muna
Xom
Yredelemnul
The Shining One

Shops:
D:5 (

Annotations:
D:5 Dowan


Innate Abilities, Weirdness & Mutations

You are immune to poison.
Your flesh is very heat resistant. (rF++)
You are vulnerable to cold. (rC-)
You float through the air rather than walking.
You learn spells naturally, not from books.
Your magical power is your life essence.
You have superior vitality. (+4 HP)


Message History

You hit Duvessa but do no damage.
Duvessa is moderately wounded.
You block Duvessa's attack.
You hit Duvessa.
Duvessa is moderately wounded.
Duvessa barely misses you.
You hit Duvessa.
Duvessa is heavily wounded.
Duvessa barely misses you. Duvessa hits you with a +0 short sword!
* * * LOW HITPOINT WARNING * * *
Dowan casts a spell at Duvessa.
Duvessa seems to speed up.
You hit Duvessa.
Duvessa is heavily wounded.
You block Duvessa's attack.
You hit Duvessa but do no damage.
Duvessa is heavily wounded.
You block Duvessa's attack. x2
You hit Duvessa.
Duvessa is severely wounded.
You block Duvessa's attack. Duvessa completely misses you.
You slice Duvessa!!
You kill Duvessa!
Okawaru accepts your kill.
You can now gain great but temporary skills.
Dowan seems overcome with grief, but rights himself reflexively soon after.
Dowan seems to find hidden reserves of power!
You block Dowan's attack.
Your Spellcasting skill increases to level 1!
You barely miss Dowan. Dowan closely misses you.
You barely miss Dowan.
You feel like a meek peon again. Dowan closely misses you.
Dowan points at you and mumbles some strange words.
You block the shard of ice.
You barely miss Dowan. You block Dowan's attack.
Dowan hits you but does no damage.
You gain the combat prowess of a mighty hero.
Dowan barely misses you. Dowan hits you with a +0 dagger.
You die...

.. .. .# .# .# ##. .# #..
####.# ##.## ....##.....#
....######## ..........#
##<........# #e# ......#
...#######.# ##@# #.....#
..<# #.# ##..# #.....# ...#
#.###..## #.....# ...####
#..##†#####.....# ........
##..#.#...##.<.# ..######
##.............#
..........................#
..######>...##.)..........#
..# ####...........^...#


You could see Dowan (fast).

Vanquished Creatures
  Duvessa (D:5)
  An ogre (D:3)
  An elf zombie (Ossuary)
  A water moccasin zombie (D:5)
  A howler monkey (D:4)
  A centaur zombie (Ossuary)
  2 hounds (D:4)
  2 orc wizards
  3 hound zombies (Ossuary)
  3 mummies (Ossuary)
  4 adders
  An ufetubus (D:4)
  4 adder zombies (Ossuary)
  3 worms
  A dart slug (D:4)
  13 orcs
  5 ball pythons
  6 bats
  8 endoplasms
  5 giant cockroaches
  3 gnoll zombies (Ossuary)
  6 hobgoblins
  2 jackals (D:3)
  3 quokkas
  6 goblins
  4 goblin zombies (Ossuary)
  4 hobgoblin zombies (Ossuary)
  4 jackal zombies (Ossuary)
  6 kobolds
  2 kobold zombies (Ossuary)
  3 orc zombies (Ossuary)
  3 quokka zombies (Ossuary)
  2 rats
  3 rat zombies (Ossuary)
117 creatures vanquished.

Vanquished Creatures (others)
  A plant (D:2)
1 creature vanquished.

Grand Total: 118 creatures vanquished

Notes
Turn   | Place    | Note
-------+----------+-------------------------------------------
     0 | D:1      | MakMorn the Djinni Fighter began the quest for the Orb.
     0 | D:1      | Reached XP level 1. HP: 20/20 MP: 0/0
   217 | D:1      | Reached skill level 2 in Axes
   321 | D:1      | Reached XP level 2. HP: 23/25 MP: 0/0
   808 | D:2      | Found a snail-covered altar of Cheibriados.
   811 | D:2      | Reached XP level 3. HP: 19/30 MP: 0/0
   811 | D:2      | Learned a level 1 spell: Summon Small Mammal
  1090 | D:2      | Reached skill level 3 in Axes
  1181 | D:2      | Found a stormy altar of Qazlal.
  1201 | D:2      | Reached XP level 4. HP: 27/35 MP: 0/0
  2207 | D:3      | Noticed an ogre
  2218 | D:3      | Killed an ogre
  2219 | D:3      | Reached skill level 4 in Axes
  2219 | D:3      | Reached skill level 1 in Dodging
  2219 | D:3      | Reached XP level 5. HP: 8/40 MP: 0/0
  2219 | D:3      | Learned a level 2 spell: Slow
  2831 | D:3      | Found a hazy altar of Hepliaklqana.
  3255 | D:3      | Reached XP level 6. HP: 22/46 MP: 0/0
  3442 | D:4      | Found a staircase to the Ecumenical Temple.
  3448 | Temple   | Entered the Ecumenical Temple
  3638 | Temple   | Became a worshipper of Warmaster Okawaru
  4494 | D:5      | Entered Level 5 of the Dungeon
  4494 | D:5      | Found Tamui's Weapon Shop.
  4552 | D:5      | Noticed Duvessa
  4552 | D:5      | Noticed Dowan
  4578 | D:5      | Reached XP level 7. HP: 28/50 MP: 0/0
  4578 | D:5      | Learned a level 3 spell: Teleport Other
  4580 | D:5      | Found a sand-covered staircase.
  4712 | Ossuary  | Entered an ossuary
  4778 | Ossuary  | Reached skill level 1 in Invocations
  4780 | Ossuary  | Reached skill level 5 in Axes
  4986 | Ossuary  | Reached * piety under Okawaru
  5639 | D:5      | Killed Duvessa
  5640 | D:5      | Reached skill level 1 in Spellcasting
  5643 | D:5      | Slain by Dowan

Illustrated notes

Levels and vault maps discovered:
D:1:      evilmike_arrival_crescent, layout_rooms
D:2:      cheibrodos_old_hovel, layout_loops_ring, cheibriados_altar_1,
          overflow_temple_1_default, nicolae_overflow_hidden_temple
D:3:      layout_loops_ring, lemuel_coloured_pillars_altar
D:4:      layout_loops_ring, minmay_temple_entry_fiery, minivault_1,
          grunt_tough_drop
D:5:      layout_rooms, nicolae_ossuary_entry_ruins, serial_shops, shop,
          nicolae_shop_trees, shop, nicolae_shop_statue_plus, kennysheep_boxes,
          uniq_prince_ribbit1, uniq_duvessa
Temple:   jpeg_temple_alley_garden

Skill      XL: |  1  2  3  4  5  6  7 |
---------------+----------------------+-----
Axes           | 2 3 4 5 |  5.4
Dodging        | 1 |  1.5
Armour         | 4 |  4.1
Invocations    | 1 |  1.9
Spellcasting   | 1 |  1.0
Fighting       | |  3.6
Shields        | |  3.7

Action                   |  1- 3 |  4- 6 |  7- 9 || total
-------------------------+-------+-------+-------++-------
Melee: War axe           |    85 |    78 |   158 ||   321
       Hand axe          |       |    56 |       ||    56
Invok: Heroism           |       |       |     3 ||     3
Armor: Scale mail        |    20 |       |       ||    20
       Ring mail         |    17 |    40 |    47 ||   104
Dodge: Dodged            |    21 |    52 |    57 ||   130
Block: Kite shield       |    44 |    70 |   103 ||   217

Table legend: (Time is in decaauts)
 A = Elapsed time spent in this place.
 B = Non-inter-level travel time spent in this place.
 C = Inter-level travel time spent in this place.
 D = Time resting spent in this place.
 E = Time spent auto-exploring this place.
 F = Levels seen in this place.
 G = Mean time per level.
                   A        B        C        D        E       F      G
               +--------+--------+--------+--------+--------+-----+--------+
         Total |   5833 |   5449 |    384 |   1022 |   3261 |   7 |  833.3 |
       Dungeon |   4682 |   4354 |    328 |    592 |   2920 |   5 |  936.4 |
        Temple |    219 |    163 |     56 |      0 |    161 |   1 |  219.0 |
       Ossuary |    930 |    930 |      0 |    430 |    180 |   1 |  930.0 |
               +--------+--------+--------+--------+--------+-----+--------+

Top non-repeatable levels by time:
     D:2: 1588 daAuts
     D:3: 1002 daAuts
     D:4: 932 daAuts
 Ossuary: 930 daAuts
     D:1: 922 daAuts
     D:5: 236 daAuts
  Temple: 219 daAuts
